Construct Section Command Post
Construct Platoon Command Post
Selects Air and Sea Battlegroup
Construct Company Command Post
Selects Commando Section Paradrop
Selects Commando Support Section Paradrop
Unlock Towed 17-pounder Anti-tank Guns
Selects Anti-tank Rocket Loiter
17-pounder Anti-tank Gun Team
17-pounder Anti-tank Gun Team
Selects Naval Bombardment
17-pounder Anti-tank Gun Team
17-pounder Anti-tank Gun Team
Unlock M3 Grant Medium Tanks